 Dungeon Crawl Stone Soup version 0.29.1-12-g30fa7ad0bf (webtiles) character file.

Game seed: 13177933796566717037

133 RapScallion the Chopper (level 5, -1/46 HPs)
             Began as a Hill Orc Fighter on Jan 11, 2023.
             Was an Initiate of Yredelemnul.
             Killed from afar by Sigmund (3 damage)
             ... with a puff of flame
             ... on level 3 of the Dungeon.
             The game lasted 00:25:13 (2577 turns).

RapScallion the Chopper (Hill Orc Fighter)          Turns: 2577, Time: 00:25:13

Health: -1/46      AC:  7    Str: 21    XL:     5   Next: 16%
Magic:  5/5        EV:  9    Int:  8    God:    Yredelemnul [......]
Gold:   89         SH:  4    Dex: 10    Spells: 4/4 levels left

rFire   . . .      SeeInvis .   a - +0 war axe
rCold   . . .      Faith    .   c - +0 buckler
rNeg    . . .      Spirit   .   b - +0 scale mail
rPois   .          Reflect  .   (no helmet)
rElec   .          Harm     .   (no cloak)
rCorr   .          Rampage  .   (no gloves)
Will    .....                   (no boots)
Stlth   ..........              e - amulet of regeneration
HPRegen 0.95/turn               (no ring)
MPRegen 0.09/turn               (no ring)

@: lethally poisoned (-1 -> -2)
A: no striking features
a: Renounce Religion, Recall Undead Harvest


You were on level 3 of the Dungeon.
You worshipped Yredelemnul.
Yredelemnul was noncommittal.
You visited 1 branch of the dungeon, and saw 3 of its levels.

You collected 89 gold pieces.

Inventory:

Hand Weapons
 a - a +0 war axe (weapon)
 g - a +1 short sword of freezing
 m - a +0 club
Missiles
 h - 20 stones (quivered)
Armour
 b - a +0 scale mail (worn)
 c - a +0 buckler (worn)
 k - a +0 leather armour
Jewellery
 e - an amulet of regeneration (around neck)
Scrolls
 i - a scroll of immolation {unknown}
 j - a scroll of fear {unknown}
 n - 2 scrolls of identify {unknown}
 o - 2 scrolls of teleportation {unknown}
 r - a scroll of torment {unknown}
 s - a scroll of butterflies {unknown}
Potions
 d - a potion of might
 f - 3 potions of curing {unknown}
 l - a potion of heal wounds {unknown}
 p - 2 potions of mutation {unknown}
 q - a potion of invisibility {unknown}


   Skills:
 + Level 4.2 Fighting
 + Level 4.5 Axes
 + Level 0.3 Throwing
 + Level 4.5 Armour
 + Level 3.7 Shields


You had 4 spell levels left.
You didn't know any spells.
Your spell library contained the following spells:

 Spells                   Type           Power      Damage    Failure   Level
 Sandblast                Erth           0%         2d4       83%         1
 Blink                    Tloc           0%         N/A       92%         2
 Ensorcelled Hibernation  Hex/Ice        0%         N/A       92%         2
 Passwall                 Tmut/Erth      0%         N/A       92%         2
 Dazzling Flash           Conj/Hex       0%         N/A       99%         3
 Ozocubu's Armour         Ice            0%         N/A       99%         3
 Stone Arrow              Conj/Erth      0%         3d7       99%         3
 Swiftness                Air            0%         N/A       99%         3
 Agony                    Necr           0%         N/A       100%        5
 Manifold Assault         Tloc           0%         N/A       100%        5
 Silence                  Hex/Air        0%         N/A       100%        5
 Ozocubu's Refrigeration  Ice            0%         4d7       100%        7
 Storm Form               Tmut/Air       0%         N/A       100%        7


Dungeon Overview and Level Annotations

Branches:
Dungeon (3/15)

Altars:
Yredelemnul

Annotations:
D:3 Sigmund


Message History

Sigmund is moderately wounded.
You feel very sick. Sigmund closely misses you.
You closely miss Sigmund.
Sigmund is moderately wounded.
You feel very sick. Sigmund barely misses you.
You slash Sigmund!
Sigmund is heavily wounded.
You feel very sick. Sigmund barely misses you.
You slash Sigmund!
Sigmund is almost dead.
You feel sick.
Sigmund zaps a wand.
The puff of flame hits you!
* * * LOW HITPOINT WARNING * * *
You closely miss Sigmund.
Sigmund is almost dead.
You feel sick.
Sigmund zaps a wand.
The puff of flame hits you.
* * * LOW HITPOINT WARNING * * *
You hit Sigmund but do no damage.
Sigmund is almost dead.
You feel sick. Sigmund hits you but does no damage.
You are more poisoned.
You closely miss Sigmund.
Sigmund is almost dead.
You feel very sick.
Sigmund mumbles some strange words.
Sigmund flickers and vanishes!
You feel sick. Something hits you.
* * * LOW HITPOINT WARNING * * *
You feel sick.
* * * LOW HITPOINT WARNING * * *
You feel sick.
You feel sick.
You feel sick.
You hear a zap.
A puff of flame appears from out of thin air!
The puff of flame hits you.
You die...
Your body rises from the dead as a mindless zombie.

##........
#.##############
#.##.......Z....
###.##.###########
#...##.# #..
#{####.# #.# #.#
#.# #.# #.# #.#
#Z# #@# #.# #.#
#.# #.# #.# #.#
#.# #.# #.# #.#
#.. #.# #.# #...##
#.####.# #...
#......# #...
######## .....
.#.#.#


There were no monsters in sight!

Vanquished Creatures
  Natasha (D:2)
  3 adders (D:2)
  A dart slug (D:1)
  4 orcs (D:3)
  6 ball pythons
  2 bats (D:2)
  3 giant cockroaches
  3 goblins
  5 hobgoblins
  2 kobolds (D:1)
  4 quokkas
  6 rats
40 creatures vanquished.

Vanquished Creatures (collateral kills)
  Natasha (D:2)
  A worm (D:2)
  A giant cockroach (D:2)
  A hobgoblin (D:2)
  A quokka (D:2)
  A ball python (D:2)
6 creatures vanquished.

Vanquished Creatures (others)
  An adder zombie (D:2)
  A ball python zombie (D:2)
  A giant cockroach zombie (D:2)
  2 hobgoblin zombies (D:2)
  2 orc zombies (D:3)
7 creatures vanquished.

Grand Total: 53 creatures vanquished

Notes
Turn   | Place    | Note
-------+----------+-------------------------------------------
     0 | D:1      | RapScallion the Hill Orc Fighter began the quest for the
                  | Orb.
     0 | D:1      | Reached XP level 1. HP: 19/19 MP: 1/1
   134 | D:1      | Reached XP level 2. HP: 27/27 MP: 2/2
   980 | D:1      | Reached XP level 3. HP: 33/33 MP: 3/3
  1152 | D:2      | Found a faded altar of an unknown god.
  1161 | D:2      | Prayed at the altar of an unknown god.
  1161 | D:2      | Became a worshipper of Yredelemnul the Dark
  1161 | D:2      | Reached * piety under Yredelemnul
  1353 | D:2      | Reached XP level 4. HP: 40/40 MP: 4/4
  1404 | D:2      | Noticed Natasha
  1411 | D:2      | Killed Natasha
  1483 | D:2      | Reached ** piety under Yredelemnul
  2022 | D:2      | Noticed Natasha
  2029 | D:2      | Killed Natasha
  2030 | D:2      | Reached XP level 5. HP: 46/46 MP: 5/5
  2482 | D:3      | Noticed Sigmund
  2575 | D:3      | HP: 2/46 [poisoned by Sigmund]
  2577 | D:3      | Killed from afar by Sigmund

Illustrated notes

Levels and vault maps discovered:
D:1:      shiori_shiawase, layout_basic
D:2:      layout_loops_corners, shapermc_ecumenical_altar_mp_highgroup,
          uniq_natasha
D:3:      layout_basic, elyvilon_altar_5, uniq_sigmund

Skill      XL: |  1  2  3  4 |
---------------+-------------+-----
Axes           | 3 4 |  4.5
Fighting       | 4 |  4.2
Armour         | 4 |  4.5
Throwing       | |  0.3
Shields        | |  3.7

Action                   |  1- 3 |  4- 6 || total
-------------------------+-------+-------++-------
Melee: War axe           |    85 |    53 ||   138
Throw: Stone             |     4 |       ||     4
Invok: Recall Undead Har |       |     1 ||     1
 Stab: Distracted        |       |     1 ||     1
Armor: Scale mail        |    46 |    17 ||    63
Dodge: Dodged            |    31 |    23 ||    54
Block: Buckler           |     8 |     5 ||    13
